 Dungeon Crawl Stone Soup version 0.27-a0-1334-g2746e35aca (webtiles) character file.

Game seed: 7546661080447419466

3445 pokeman the Thaumaturge (level 9, 0/50 HPs)
             Began as a Deep Elf Hedge Wizard on June 26, 2021.
             Was a Believer of Vehumet.
             Slain by a wyvern (9 damage)
             ... on level 8 of the Dungeon.
             The game lasted 00:27:01 (9574 turns).

pokeman the Thaumaturge (Deep Elf Hedge Wizard)     Turns: 9574, Time: 00:27:01

Health: 0/50       AC:  4    Str:  7    XL:     9   Next: 77%
Magic:  25/27      EV: 12    Int: 23    God:    Vehumet [**....]
Gold:   316        SH:  0    Dex: 14    Spells: 10/32 levels left

rFire    . . .     SeeInvis .   o - staff of air
rCold    . . .     Faith    .   (no shield)
rNeg     . . .     Spirit   .   x - +0 leather armour {Will+}
rPois    .         Reflect  .   f - +0 helmet
rElec    +         Harm     .   (no cloak)
rCorr    .         Rampage  .   (no gloves)
Will     +....                  (no boots)
Stlth    ++........             p - amulet of magic regeneration
HPRegen  0.16/turn              w - ring of wizardry
MPRegen  0.45/turn              (no ring)

@: no status effects
A: no striking features
a: Renounce Religion


You were on level 8 of the Dungeon.
You worshipped Vehumet.
Vehumet was pleased with you.
You visited 1 branch of the dungeon, and saw 8 of its levels.
You also visited: Sewer.

You collected 426 gold pieces.
You spent 110 gold pieces at shops.

Inventory:

Hand Weapons
 s - a +1 short sword of venom
 D - a +0 shortbow
 E - a +1 hand crossbow of flaming
Missiles
 i - 88 arrows
 j - a throwing net
 r - 4 boomerangs of dispersal
 y - 8 curare-tipped darts
 H - 5 atropa-tipped darts
Armour
 b - a +1 ring mail of cold resistance
 f - a +0 helmet (worn)
 x - a +0 leather armour of willpower (worn)
Magical Staves
 o - a staff of air (weapon)
Jewellery
 p - an amulet of magic regeneration (around neck)
 w - a ring of wizardry (left hand)
Wands
 t - a wand of polymorph (11)
 C - a wand of acid (5)
Scrolls
 a - 2 scrolls of immolation
 g - 5 scrolls of teleportation
 k - 8 scrolls of magic mapping
 v - a scroll of summoning {unknown}
 z - 3 scrolls of fear {unknown}
 B - a scroll of silence {unknown}
 F - 2 scrolls of enchant armour {unknown}
Potions
 d - a potion of lignification
 e - 2 potions of heal wounds
 h - 2 potions of cancellation
 l - 2 potions of attraction
 m - 2 potions of mutation
 q - 3 potions of brilliance
 u - 2 potions of curing
 A - 2 potions of haste
 G - a potion of ambrosia
 I - a potion of might {unknown}


   Skills:
 - Level 3.1 Fighting
 + Level 3.3 Armour
 - Level 3.2 Dodging
 - Level 3.0 Stealth
 * Level 12.0 Spellcasting
 + Level 6.9 Conjurations
 - Level 1.1 Summonings
 - Level 1.1 Translocations
 + Level 5.9 Fire Magic
 - Level 1.0 Air Magic
 - Level 1.0 Poison Magic
 - Level 1.2 Evocations


You had 10 spell levels left.
You knew the following spells:

 Your Spells              Type           Power      Damage    Failure   Level
a - Magic Dart            Conj           100%       1d8       1%          1
b - Mephitic Cloud        Conj/Pois/Air  41%        N/A       2%          3
c - Call Imp              Summ           18%        N/A       2%          2
d - Blink                 Tloc           N/A        N/A       2%          2
e - Conjure Flame         Conj/Fire      43%        6-21      1%          3
f - Foxfire               Conj/Fire      100%       2x1d9     1%          1
g - Lightning Bolt        Conj/Air       24%        1d39      16%         5
h - Shock                 Conj/Air       100%       1d9       1%          1
i - Apportation           Tloc           36%        N/A       1%          1
j - Swiftness             Air            27%        N/A       5%          3

Your spell library contained the following spells:

 Spells                   Type           Power      Damage    Failure   Level
 Searing Ray              Conj           90%        3d6       1%          2
 Summon Small Mammal      Summ           72%        N/A       1%          1
 Static Discharge         Conj/Air       48%        N/A       1%          2
 Dazzling Flash           Conj/Hex       58%        N/A       1%          3
 Animate Skeleton         Necr           26%        N/A       2%          1
 Corona                   Hex            14%        N/A       2%          1
 Sting                    Tmut/Pois      64%        1d6       2%          1
 Poisonous Vapours        Pois/Air       54%        N/A       2%          2
 Inner Flame              Hex/Fire       27%        N/A       2%          3
 Ignite Poison            Fire/Tmut/Pois 24%        N/A       3%          3
 Ensorcelled Hibernation  Hex/Ice        26%        N/A       4%          2
 Slow                     Hex            13%        N/A       4%          2
 Portal Projectile        Hex/Tloc       32%        N/A       6%          3
 Confusing Touch          Hex            13%        N/A       9%          3
 Tukima's Dance           Hex            13%        N/A       9%          3
 Airstrike                Air            13%        N/A       17%         4
 Olgreb's Toxic Radiance  Pois           18%        N/A       17%         4
 Cause Fear               Hex            6%         N/A       26%         4
 Leda's Liquefaction      Hex/Erth       6%         N/A       26%         4


Dungeon Overview and Level Annotations

Branches:
Dungeon (8/15)             Temple (0/1) D:5           Sewer (visited)
   Lair: D:8-11

Altars:
Dithmenos
Gozag
Kikubaaqudgha
Nemelex Xobeh
Okawaru
Ru
Vehumet
Xom
The Shining One

Shops:
D:2 [   D:5 ?


Message History

The wyvern is engulfed in noxious fumes.
The wyvern appears confused.
The wyvern is engulfed in blazing flames.
The wyvern closely misses you.
Unknown command.
You hit the wyvern but do no damage.
The wyvern is moderately wounded.
The wyvern is engulfed in blazing flames.
The wyvern closely misses you.
The wyvern is engulfed in blazing flames.
Casting: Mephitic Cloud (dangerous; 2% risk of failure)
Confirm with . or Enter, or press ? or * to list all spells.
You conjure some foxfire!
The wyvern is engulfed in noxious fumes.
The wyvern appears confused.
The foxfire hits the wyvern but does no damage.
The wyvern is severely wounded.
The foxfire hits the wyvern.
The wyvern is severely wounded.
The wyvern is engulfed in noxious fumes.
The wyvern appears confused.
The wyvern bites you!
Unknown command.
Casting: Foxfire (safe; 1% risk of failure)
Confirm with . or Enter, or press ? or * to list all spells.
You conjure some foxfire!
The wyvern bites you!
You hit the wyvern.
The wyvern is almost dead.
The foxfire hits the wyvern but does no damage.
The wyvern is almost dead.
The foxfire hits the wyvern.
The wyvern is almost dead.
The wyvern bites you.
* * * LOW HITPOINT WARNING * * *
The wyvern bites you.
* * * LOW HITPOINT WARNING * * *
The wyvern misses you.
Casting: Foxfire (safe; 1% risk of failure)
Confirm with . or Enter, or press ? or * to list all spells.
You conjure some foxfire!
The wyvern bites you!
You die...

# ####################
...............vl.>########
...########....v@..........
.......# #.#############.#
#.####.# #.# #.# #.# #)#
#.# #.# #.### #.# #.# #...
#.####.####.##..
#...............
...#...........#


You could see a wyvern (confused, ally target).

Vanquished Creatures
  The ghost of IdlyInterested the Cutter, an amateur DsGl (D:7)
  A hornet (D:7)
  4 humans (D:7)
  A water moccasin (Sewer)
  A hornet zombie (D:7)
  2 ice beasts
  2 black bears (D:6)
  2 sky beasts (D:6)
  A necrophage (D:6)
  2 ogres (D:6)
  A centaur (D:6)
  A wyvern zombie (D:8)
  2 gnoll sergeants
  A scorpion (D:6)
  9 killer bees
  A howler monkey (D:4)
  A centaur zombie (D:6)
  3 jellies
  5 orc priests
  4 hounds
  A bullfrog skeleton (D:5)
  2 orc wizards (D:6)
  3 iguanas
  A killer bee zombie (D:6)
  2 hound skeletons (D:5)
  10 adders
  11 gnolls
  A shadow imp (D:5)
  An ufetubus (D:6)
  A dart slug (D:2)
  22 orcs
  10 ball pythons
  4 bats
  7 endoplasms
  3 giant cockroaches
  6 hobgoblins
  8 jackals
  4 quokkas
  7 frilled lizards
  7 goblins
  12 kobolds
  2 rats
170 creatures vanquished.

Vanquished Creatures (collateral kills)
  A foxfire (D:6)
1 creature vanquished.

Vanquished Creatures (others)
  138 foxfires
  2 plants (D:2)
140 creatures vanquished.

Grand Total: 311 creatures vanquished

Notes
Turn   | Place    | Note
-------+----------+-------------------------------------------
     0 | D:1      | pokeman the Deep Elf Hedge Wizard began the quest for the
                  | Orb.
     0 | D:1      | Reached XP level 1. HP: 10/10 MP: 7/7
   237 | D:1      | Found a faded altar of an unknown god.
   315 | D:1      | Reached XP level 2. HP: 16/16 MP: 3/9
   895 | D:1      | Reached skill level 5 in Spellcasting
  1407 | D:2      | Reached XP level 3. HP: 20/20 MP: 7/11
  1411 | D:2      | Learned a level 3 spell: Mephitic Cloud
  1414 | D:2      | Learned a level 2 spell: Call Imp
  1417 | D:2      | Learned a level 2 spell: Blink
  1421 | D:2      | Learned a level 3 spell: Conjure Flame
  1580 | D:2      | Found Wyug's Armour Boutique.
  1826 | D:2      | Reached skill level 1 in Armour
  2412 | D:2      | Reached skill level 1 in Fighting
  2550 | D:2      | Reached XP level 4. HP: 9/25 MP: 6/13
  3093 | D:3      | Found a glowing drain.
  3102 | Sewer    | Entered a sewer
  3341 | Sewer    | Noticed a water moccasin
  3356 | Sewer    | Killed a water moccasin
  3357 | Sewer    | Reached skill level 6 in Spellcasting
  3357 | Sewer    | Reached skill level 1 in Fire Magic
  3357 | Sewer    | Reached XP level 5. HP: 20/29 MP: 2/15
  3479 | Sewer    | Learned a level 1 spell: Shock
  3631 | D:3      | Found a shimmering altar of Xom.
  3631 | D:3      | Found a glowing golden altar of the Shining One.
  3653 | D:3      | Found a shadowy altar of Dithmenos.
  3850 | D:3      | Found a sparkling altar of Nemelex Xobeh.
  3851 | D:3      | Found an opulent altar of Gozag.
  4328 | D:4      | Learned a level 5 spell: Lightning Bolt
  4377 | D:4      | Reached XP level 6. HP: 34/34 MP: 14/17
  4378 | D:4      | Reached skill level 1 in Air Magic
  4622 | D:4      | Reached skill level 7 in Spellcasting
  4708 | D:4      | Reached skill level 1 in Poison Magic
  4757 | D:4      | Found a radiant altar of Vehumet.
  4765 | D:4      | Became a worshipper of Vehumet
  4984 | D:5      | Entered Level 5 of the Dungeon
  4984 | D:5      | Found Diurauma's Magic Scroll Shop.
  4987 | D:5      | Bought a scroll of teleportation for 39 gold pieces
  4987 | D:5      | Bought a scroll of magic mapping for 45 gold pieces
  4987 | D:5      | Bought a scroll of identify for 26 gold pieces
  5111 | D:5      | Found a staircase to the Ecumenical Temple.
  5137 | D:5      | Reached skill level 1 in Evocations
  5481 | D:5      | Reached XP level 7. HP: 33/38 MP: 18/20
  6157 | D:5      | Reached skill level 8 in Spellcasting
  6235 | D:6      | Reached * piety under Vehumet
  6235 | D:6      | Offered knowledge of Foxfire by Vehumet.
  6238 | D:6      | Learned a level 1 spell: Foxfire
  6240 | D:6      | Learned a level 1 spell: Apportation
  6244 | D:6      | Learned a level 3 spell: Swiftness
  6374 | D:6      | Reached XP level 8. HP: 13/45 MP: 17/22
  6598 | D:6      | Reached skill level 9 in Spellcasting
  6769 | D:6      | Reached skill level 5 in Conjurations
  7122 | D:6      | Reached skill level 10 in Spellcasting
  7878 | D:6      | Found an iron altar of Okawaru.
  8023 | D:7      | Found a transporter.
  8025 | D:7      | Found a transporter.
  8028 | D:7      | Noticed IdlyInterested's ghost (amateur DsGl)
  8028 | D:7      | Noticed a hornet
  8151 | D:7      | Reached XP level 9. HP: 42/50 MP: 15/25
  8218 | D:7      | Offered knowledge of Searing Ray by Vehumet.
  8221 | D:7      | Reached ** piety under Vehumet
  8222 | D:7      | Reached skill level 11 in Spellcasting
  8222 | D:7      | Reached skill level 5 in Fire Magic
  8747 | D:7      | Found a sacrificial altar of Ru.
  8992 | D:7      | Killed IdlyInterested's ghost
  9414 | D:8      | Reached skill level 12 in Spellcasting
  9507 | D:8      | Found an ancient bone altar of Kikubaaqudgha.
  9574 | D:8      | Slain by a wyvern

Illustrated notes

Levels and vault maps discovered:
D:1:      sevenhm_arrival_forest_fort_small_4, layout_loops_ring,
          chequers_ecumenical_altar_simple_redux, serial_glass, glass_columns_b,
          glass_columns_a, glass_columns_b, glass_columns_a, glass_columns_b
D:2:      layout_loops_corners, serial_shops, nicolae_shop_stone, serial_forest,
          infiniplex_forest_straight_2, infiniplex_forest_straight_2,
          infiniplex_forest_end_2, infiniplex_forest_clump_tiny,
          infiniplex_forest_clump_long, chequers_jeans, bh_walls_and_bars
D:3:      layout_rooms, grunt_temple_overflow_opulence,
          chequers_temple_overflow_statue_of_worship, portal_sewer_entry_d
D:4:      layout_basic, vehumet_crystals, chequers_serial_rivers_small_b
D:5:      layout_basic, minmay_temple_entry_wispy, serial_shops, shop,
          dk_noncrumbling_3
D:6:      layout_loops_ring, marbit_many_paths, minmay_increasing_density
D:7:      layout_loops_ring, nicolae_ru_awakened_eye, gammafunk_ghost_hive,
          minmay_ruffians
D:8:      layout_basic, kiku_gazebo_garden_becter, zin_purify,
          general_overflow_altar, erik_lair_orcish_takeover, abandoned_shop

Skill      XL: |  1  2  3  4  5  6  7  8  9 |
---------------+----------------------------+-----
Spellcasting   | 5 6 7 8 10 12 | 12.0
Armour         | 1 3 |  3.3
Conjurations   | 2 3 4 5 6 |  6.9
Fighting       | 1 2 3 |  3.1
Dodging        | 3 |  3.2
Fire Magic     | 1 3 4 5 |  5.9
Air Magic      | 1 |  1.0
Stealth        | 3 |  3.0
Poison Magic   | 1 |  1.0
Evocations     | 1 |  1.2
Summonings     | |  1.1
Translocations | |  1.1

Action                   |  1- 3 |  4- 6 |  7- 9 || total
-------------------------+-------+-------+-------++-------
Melee: Short sword       |    10 |     3 |       ||    13
       Staff             |       |     2 |    33 ||    35
 Cast: Magic Dart        |   105 |    53 |     4 ||   162
       Conjure Flame     |       |     5 |    11 ||    16
       Shock             |       |    74 |    70 ||   144
       Blink             |       |     2 |     5 ||     7
       Mephitic Cloud    |       |     1 |    17 ||    18
       Foxfire           |       |       |    82 ||    82
       Call Imp          |       |       |     2 ||     2
       Lightning Bolt    |       |       |     1 ||     1
Evoke: Wand              |       |       |     7 ||     7
  Use: Scroll            |       |       |    10 ||    10
       Potion            |       |       |     1 ||     1
 Stab: Confused          |       |       |     1 ||     1
Armor: Robe              |     4 |       |       ||     4
       Leather armour    |     2 |    11 |    14 ||    27
       Skin              |       |       |    14 ||    14
Dodge: Dodged            |    21 |    20 |    61 ||   102

Table legend: (Time is in decaauts)
 A = Elapsed time spent in this place.
 B = Non-inter-level travel time spent in this place.
 C = Inter-level travel time spent in this place.
 D = Time resting spent in this place.
 E = Time spent auto-exploring this place.
 F = Levels seen in this place.
 G = Mean time per level.
                   A        B        C        D        E       F      G
               +--------+--------+--------+--------+--------+-----+--------+
         Total |   9615 |   9317 |    298 |    336 |   7825 |   9 | 1068.3 |
       Dungeon |   9199 |   8901 |    298 |    159 |   7667 |   8 | 1149.9 |
         Sewer |    415 |    415 |      0 |    177 |    158 |   1 |  415.0 |
               +--------+--------+--------+--------+--------+-----+--------+

Top non-repeatable levels by time:
     D:6: 1731 daAuts
     D:2: 1662 daAuts
     D:7: 1392 daAuts
     D:1: 1368 daAuts
     D:5: 1232 daAuts
     D:4: 903 daAuts
     D:3: 668 daAuts
   Sewer: 415 daAuts
     D:8: 239 daAuts
